[Event "ICCopen2017"]
[Site "Internet Chess Club"]
[Date "2017.03.26"]
[Round "2"]
[White "Clownfish"]
[Black "lexa"]
[Result "1-0"]
[ICCResult "Black forfeits on time"]
[WhiteElo "2632"]
[BlackElo "1943"]
[Opening "Sicilian: accelerated fianchetto, modern variation with Bc4"]
[ECO "B35"]
[NIC "SI.34"]
[Time "19:17:25"]
[TimeControl "180+0"]

1. e4 c5 2. Nf3 Nc6 3. d4 cxd4 4. Nxd4 Nf6 5. Nc3 g6 6. Bc4 Bg7 7. Be3 O-O
8. Bb3 a6 9. O-O e6 10. Nxc6 dxc6 11. Qxd8 Rxd8 12. Bb6 Rd2 13. Rad1 Rxd1
14. Rxd1 Nd7 15. Be3 b5 16. Rd6 c5 17. a3 c4 18. Ba2 Be5 19. Rd1 Nf8 20. Bd4
Bxd4 21. Rxd4 Bb7 22. f3 e5 23. Rd6 Ne6 24. Ne2 Rd8 25. Rxd8+ Nxd8 26. c3
Ne6 27. Bb1 Nc5 28. Bc2 Kg7 29. Kf2 Kf6 30. Ke3 Ke6 31. g3 f5 32. exf5+ gxf5
33. f4 Be4 34. Bxe4 Nxe4 35. fxe5 Kxe5 36. Nd4 Nc5 37. Nf3+ Kf6 38. Nd4 Na4
39. b3 cxb3 40. Nxb3 Nxc3 41. Kd4 Nb1 42. Nc5 Nxa3 43. Nd7+ Ke6 44. Nc5+ Kf6
45. Nd3 {Black forfeits on time} 1-0

[Event "ICCopen2017"]
[Site "Internet Chess Club"]
[Date "2017.03.26"]
[Round "2"]
[White "VrloJakMK"]
[Black "RobertoJBM"]
[Result "0-1"]
[ICCResult "White resigns"]
[WhiteElo "2030"]
[BlackElo "2764"]
[Opening "QGD Slav accepted"]
[ECO "D15"]
[NIC "SL.03"]
[Time "19:18:07"]
[TimeControl "180+0"]

1. d4 d5 2. c4 c6 3. Nc3 Nf6 4. Nf3 dxc4 5. g3 b5 6. Bg2 Bb7 7. O-O e6 8. e4
Be7 9. e5 Nd5 10. Ne4 h6 11. b3 cxb3 12. Qxb3 a6 13. a4 Nd7 14. Ba3 O-O 15.
Bxe7 Qxe7 16. Nd6 Rfb8 17. axb5 cxb5 18. Nd2 N7b6 19. N2e4 Bc6 20. Rfc1 Be8
21. Nc5 a5 22. Nxb5 Nc8 23. Bxd5 exd5 24. Qxd5 Bxb5 25. Rcb1 Nb6 26. Qf3 Qe8
27. Qg4 Nd5 28. e6 Nf6 29. exf7+ Qxf7 30. Qf3 Qd5 31. Qf4 Rb6 32. Qc7 Bc6
33. f3 Rxb1+ 34. Rxb1 Qxf3 35. Rb8+ Kh7 {White resigns} 0-1

[Event "ICCopen2017"]
[Site "Internet Chess Club"]
[Date "2017.03.26"]
[Round "2"]
[White "Kjaan1974"]
[Black "julkat-ch"]
[Result "0-1"]
[ICCResult "White forfeits on time"]
[WhiteElo "1459"]
[BlackElo "1831"]
[Opening "Sicilian defense"]
[ECO "B20"]
[NIC "SI.48"]
[Time "19:17:07"]
[TimeControl "180+0"]

1. e4 c5 2. d3 e6 3. Nf3 a6 4. h3 Nc6 5. Be3 b5 6. c3 Bb7 7. Be2 Qc7 8. Nbd2
d6 9. O-O Nf6 10. Rc1 Be7 11. a3 O-O 12. b4 a5 13. bxc5 dxc5 14. c4 b4 15.
axb4 axb4 16. Nb3 Na5 17. Nxa5 Rxa5 18. e5 Nd7 19. Bf4 Rfa8 20. d4 cxd4 21.
Nxd4 Ba6 22. Nb3 Ra3 23. Ra1 Nc5 24. Rxa3 bxa3 25. Nd4 Rb8 26. Nb5 Bxb5 27.
cxb5 Qa5 28. Qa1 Qa4 29. Rb1 Rd8 30. Be3 Nb3 31. Qa2 Nc5 32. Bxc5 Bxc5 33.
g3 Qd4 34. Bc4 Qxe5 35. Kg2 Qc3 36. Qe2 Rd2 37. Qg4 Rxf2+ 38. Kh1 g6 39. Rf1
Rxf1+ 40. Bxf1 a2 41. Qd1 a1=Q 42. Qd8+ Kg7 {White forfeits on time} 0-1

[Event "ICCopen2017"]
[Site "Internet Chess Club"]
[Date "2017.03.26"]
[Round "2"]
[White "Wage-slave"]
[Black "ROWLAND"]
[Result "1-0"]
[ICCResult "Black forfeits on time"]
[WhiteElo "1765"]
[BlackElo "1421"]
[Opening "King's Indian: fianchetto without c4"]
[ECO "A49"]
[NIC "QP.06"]
[Time "19:17:19"]
[TimeControl "180+0"]

1. Nf3 Nf6 2. d4 g6 3. g3 Bg7 4. Bg2 O-O 5. O-O d5 6. c3 c5 7. e3 Nc6 8.
Nbd2 cxd4 9. exd4 Bg4 10. Qb3 Qd7 11. Re1 b6 12. Nf1 Ne4 13. Be3 Na5 14. Qc2
Bh3 15. N1d2 Bxg2 16. Kxg2 h5 17. Nxe4 dxe4 18. Qxe4 Nc4 19. Bc1 Rfe8 20.
Qe2 b5 21. a4 a6 22. axb5 axb5 23. Rxa8 Rxa8 24. Qxe7 Qxe7 25. Rxe7 Ra1 26.
Re1 f6 27. b3 Nd6 28. Be3 Ra2 29. Nd2 Nf5 30. Rd1 Nxe3+ 31. fxe3 Bh6 32. Kf3
g5 33. h3 f5 34. c4 g4+ 35. hxg4 hxg4+ 36. Ke2 bxc4 37. bxc4 Kf7 38. Kd3 Ke6
39. Rh1 Bg5 40. Rh5 Kf6 41. Nb3 Kg6 42. Rh8 Rg2 43. Rg8+ Kh6 44. d5 Rxg3 45.
Re8 Rg1 46. Re6+ Kh5 47. Kd4 Rd1+ 48. Kc5 g3 49. Nd4 g2 50. Ne2 Rd2 51. Ng1
Rd1 52. Nf3 Rf1 53. Nxg5 Kxg5 54. d6 g1=Q 55. d7 Rd1 56. Kc6 Qg2+ 57. Kc7
Qa8 58. Rb6 {Black forfeits on time} 1-0

[Event "ICCopen2017"]
[Site "Internet Chess Club"]
[Date "2017.03.26"]
[Round "2"]
[White "tonychess2014"]
[Black "rotyi59"]
[Result "0-1"]
[ICCResult "White forfeits on time"]
[WhiteElo "1785"]
[BlackElo "1545"]
[Opening "Robatsch (modern) defense"]
[ECO "B06"]
[NIC "KF.05"]
[Time "19:17:37"]
[TimeControl "180+0"]

1. e4 g6 2. d4 Bg7 3. Be3 d6 4. Nc3 e5 5. Nf3 Bg4 6. Be2 Ne7 7. h3 Bxf3 8.
Bxf3 Nd7 9. O-O O-O 10. Qd2 f5 11. exf5 Nxf5 12. dxe5 Nxe5 13. Rad1 Rb8 14.
Bxa7 Ra8 15. Be3 Nxe3 16. Qxe3 Nxf3+ 17. gxf3 Bxc3 18. Qxc3 Qg5+ 19. Kh1 Qf4
20. Rd4 Qxf3+ 21. Qxf3 Rxf3 22. Kg2 Raf8 23. Rd3 R3f5 24. Re3 Kf7 25. Rf3
Ke6 26. Re1+ Kd7 27. Rxf5 Rxf5 28. Re3 Rd5 29. Rd3 Rc5 30. c3 Re5 31. Re3
Rd5 32. Re2 Rd3 33. f3 c5 34. Kf2 b5 35. a3 d5 36. Re3 Rd2+ 37. Re2 Rd3 38.
Re3 Rd2+ 39. Re2 Rd3 40. Kg3 b4 41. axb4 cxb4 42. cxb4 Rb3 43. Rd2 Kd6 44.
Kg4 Rxb4+ 45. f4 h6 46. h4 Ke6 47. Re2+ Kd6 48. Rd2 Ke6 49. Re2+ Kf6 50. Rd2
d4 51. Rd3 Rc4 52. b3 Rb4 53. Rf3 h5+ 54. Kg3 Kf5 55. Rd3 Ke6 56. Kf3 Kd5
57. Ke2 Ke4 58. Rd1 Rxb3 59. Rg1 Rb2+ 60. Kd1 Rb6 61. f5 Kxf5 62. Kd2 Ke4
63. Rg5 Rb2+ 64. Kc1 Rb6 65. Kd2 Rf6 66. Ke2 d3+ 67. Kd2 Rf2+ 68. Ke1 Rf6
69. Kd2 Kf4 70. Kxd3 Rd6+ 71. Kc4 Rf6 72. Kd5 Rf5+ 73. Rxf5+ gxf5 74. Ke6
Kg4 75. Kf6 f4 76. Kg6 f3 {White forfeits on time} 0-1

[Event "ICCopen2017"]
[Site "Internet Chess Club"]
[Date "2017.03.26"]
[Round "2"]
[White "gibert"]
[Black "alejandrorios"]
[Result "0-1"]
[ICCResult "White forfeits on time"]
[WhiteElo "1491"]
[BlackElo "1960"]
[Opening "Sicilian"]
[ECO "B50"]
[NIC "SI.01"]
[Time "19:17:39"]
[TimeControl "180+0"]

1. e4 c5 2. Nf3 d6 3. Bc4 e6 4. O-O Nf6 5. Re1 Be7 6. c3 Nbd7 7. d4 Qc7 8.
Bb5 a6 9. Bxd7+ Bxd7 10. e5 Nd5 11. exd6 Bxd6 12. dxc5 Bxc5 13. Qxd5 O-O 14.
Qh5 Rad8 15. Bg5 Rc8 16. Nbd2 f6 17. Bh4 e5 18. Ne4 Be7 19. Bg3 Be8 20. Qh3
Bd7 21. Qh4 h6 22. Qh5 Be6 23. Nh4 Rfd8 24. Ng6 Bf7 25. Nxe7+ Qxe7 26. Qe2
Rd7 27. Rad1 Bxa2 28. b4 Bc4 29. Rxd7 Qxd7 30. Qd1 Qc6 31. Qd6 Bd5 32. Qxc6
Rxc6 33. f3 Bxe4 34. Rxe4 Rxc3 35. Be1 Rc7 36. Kf2 Kf7 37. Re3 Ke6 38. Rd3
Rc2+ 39. Kg3 Rc8 40. Bd2 Rc2 41. Kf2 Rc8 42. Ke3 f5 43. g3 g5 44. h3 f4+ 45.
gxf4 gxf4+ 46. Ke2 Rg8 47. Kf2 Rg3 48. Rc3 Kd6 49. Rd3+ Ke6 50. Rd8 Rxh3 51.
Rb8 Rh2+ 52. Ke1 h5 53. Rxb7 h4 54. Rb6+ Kd5 55. Rxa6 h3 56. Rh6 Kc4 57.
Rc6+ Kd3 58. Rd6+ Kc4 59. Rh6 Rh1+ 60. Kf2 Rh2+ 61. Ke1 Kb5 62. Rh5 Kc4
{White forfeits on time}
0-1

[Event "ICCopen2017"]
[Site "Internet Chess Club"]
[Date "2017.03.26"]
[Round "2"]
[White "littleplotkin"]
[Black "F83"]
[Result "1-0"]
[ICCResult "Black forfeits on time"]
[WhiteElo "2268"]
[BlackElo "1837"]
[Opening "Sicilian: Kan, Maróczy bind (Réti variation)"]
[ECO "B41"]
[NIC "SI.41"]
[Time "19:17:04"]
[TimeControl "180+0"]

1. e4 c5 2. Nf3 e6 3. d4 cxd4 4. Nxd4 a6 5. c4 Nf6 6. Nc3 Qc7 7. Be2 d6 8.
Be3 Be7 9. f4 b6 10. Bf3 Bb7 11. Rc1 Nbd7 12. Qe2 Rc8 13. b3 O-O 14. O-O Qb8
15. g4 Nc5 16. e5 dxe5 17. Bxb7 Nxb7 18. fxe5 Qxe5 19. Qf3 Bd6 20. Rf2 Nxg4
21. Qxg4 Qxe3 22. Nce2 Bxh2+ 23. Kg2 Bd6 24. Rc3 Qe5 25. Rh3 Nc5 26. Ng3 f5
27. Qh5 h6 28. Nf3 Qf6 29. Rd2 Bf4 30. Re2 e5 31. Nh4 Bg5 32. Nhxf5 Ne6 33.
Rf2 Nf4+ 34. Rxf4 exf4 35. Nf1 Qxf5 36. Rf3 Rce8 37. Rf2 f3+ 38. Kh1 Re2 39.
Qh2 Rxf2 40. Qxf2 Qf4 41. Kg1 Qg4+ 42. Qg3 Be3+ 43. Kh2 Qxg3+ 44. Kxg3 g5
45. Kg4 Kg7 46. Ng3 Kg6 47. Nh5 Rf4+ 48. Nxf4+ Bxf4 49. Kxf3 h5 50. c5 Kf5
51. cxb6 h4 52. b7 h3 53. b8=Q Bxb8 54. Kf2 h2 55. Kg2 Kg4 56. Kh1 Kh3 57.
a4 g4 58. b4 g3 59. b5 {Black forfeits on time} 1-0

[Event "ICCopen2017"]
[Site "Internet Chess Club"]
[Date "2017.03.26"]
[Round "2"]
[White "Eigeneier"]
[Black "Voltage"]
[Result "0-1"]
[ICCResult "White resigns"]
[WhiteElo "1916"]
[BlackElo "2453"]
[Opening "QGD: 4.Nf3"]
[ECO "D37"]
[NIC "QI.01"]
[Time "19:17:57"]
[TimeControl "180+0"]

1. d4 Nf6 2. Nf3 e6 3. c4 d5 4. Nc3 Nbd7 5. cxd5 exd5 6. Bg5 Be7 7. Qc2 O-O
8. e3 c6 9. Bd3 Re8 10. O-O Nf8 11. Rab1 g6 12. b4 Ne6 13. Bh4 b5 14. a4 a6
15. Rfc1 Ng7 16. Ne5 Bb7 17. Ne2 Rc8 18. Qb3 Nd7 19. Bxe7 Qxe7 20. Nf3 Ne6
21. Rc2 Ng5 22. Nxg5 Qxg5 23. Qb2 Nf6 24. Nc1 Ne4 25. Nb3 Ba8 26. Rbc1 h5
27. axb5 axb5 28. Bxb5 Nxf2 29. Kxf2 Qxe3+ 30. Kf1 Re4 31. Be2 Rf4+ 32. Bf3
Bb7 33. Rf2 Ba6+ 34. Kg1 Re8 35. Nc5 Bc4 36. Qd2 Rxd4 37. Qxe3 Rxe3 38. b5
Bxb5 39. Nd7 Kg7 40. Nc5 Rc4 41. Rxc4 Bxc4 42. h3 Rc3 43. Kh2 Bb5 44. Nd7
Rc1 45. Ne5 d4 46. Nd3 Bxd3 47. Rd2 Rc3 48. Rf2 c5 {White resigns} 0-1

[Event "ICCopen2017"]
[Site "Internet Chess Club"]
[Date "2017.03.26"]
[Round "2"]
[White "Revolutions"]
[Black "chesscomet"]
[Result "1-0"]
[ICCResult "Black forfeits on time"]
[WhiteElo "1806"]
[BlackElo "1499"]
[Opening "King's Indian: fianchetto, Panno variation"]
[ECO "E63"]
[NIC "KI.71"]
[Time "19:17:06"]
[TimeControl "180+0"]

1. d4 Nf6 2. c4 g6 3. Nc3 Bg7 4. Nf3 O-O 5. g3 d6 6. Bg2 Nc6 7. O-O a6 8.
Re1 Bd7 9. Bg5 Qc8 10. Rc1 Bh3 11. Bh1 h6 12. Bf4 Re8 13. e4 e5 14. Be3 exd4
15. Nxd4 Nxe4 16. Nxe4 Bf5 17. Nc3 Bg4 18. Qd2 h5 19. Nxc6 bxc6 20. Bxc6 Re6
21. Bxa8 Qxa8 22. Nd5 c6 23. Nc7 Qb7 24. Nxe6 fxe6 25. Bh6 c5 26. Bxg7 Kxg7
27. f4 h4 28. Qxd6 Bh3 29. Qe5+ Kh7 30. Qe4 Qxb2 31. Rc2 Qb4 32. Rd1 Bf5 33.
Rd7+ Kh6 34. Qe2 Qb1+ 35. Rd1 Qxc2 36. Qxc2 Bxc2 37. Rd6 a5 38. Rc6 Bb1 39.
a3 Kg7 40. Rxc5 a4 41. Re5 Kf6 42. c5 hxg3 43. hxg3 Ke7 44. Kf2 Kd7 45. Ke3
Bc2 46. Kd4 Bb3 47. Rg5 Bc2 48. Ke5 Bf5 49. g4 Bc2 50. f5 gxf5 51. gxf5 Bxf5
52. Rg1 Bc2 53. Rc1 Bb3 54. Rc3 Kc7 55. Kd4 Kc6 56. Ke5 Bd5 57. Kd4 Bb3 58.
Ke5 Bd5 59. Kf6 Bb3 60. Rg3 Bd5 61. Rg8 Kxc5 62. Rb8 Kd4 63. Rb4+ Kc3 64.
Rxa4 Bb3 65. Rb4 Bd5 66. Rb8 Kd4 67. a4 Kd3 68. a5 Bc4 69. Rb6 Ba6 70. Rxa6
e5 71. Re6 Ke4 72. Rxe5+ Kd4 73. a6 {Black forfeits on time} 1-0

[Event "ICCopen2017"]
[Site "Internet Chess Club"]
[Date "2017.03.26"]
[Round "2"]
[White "blackjack721"]
[Black "Monterrey"]
[Result "0-1"]
[ICCResult "White checkmated"]
[WhiteElo "1236"]
[BlackElo "1627"]
[Opening "French defense"]
[ECO "C00"]
[NIC "FR.01"]
[Time "19:17:22"]
[TimeControl "180+0"]

1. e4 e6 2. c3 d5 3. e5 c5 4. Nf3 Nc6 5. Bb5 Bd7 6. Bxc6 Bxc6 7. a3 f6 8. d4
Qb6 9. Nbd2 cxd4 10. Nxd4 Bd7 11. b4 Qc7 12. f4 Qxc3 13. O-O Qxd4+ 14. Kh1
Qxa1 15. f5 Qxe5 16. fxe6 Bxe6 17. Nf3 Qd6 18. Re1 Be7 19. Nd4 Bd7 20. b5
O-O-O 21. a4 Nh6 22. Qc2+ Kb8 23. Qf2 Nf7 24. Bf4 Ne5 25. Nf3 Ka8 26. Nxe5
fxe5 27. Bxe5 Qg6 28. Bg3 Rhf8 29. Qd4 Bf6 30. Qxd5 Bc8 31. Qc4 Rfe8 32. Rc1
Bf5 33. b6 a6 34. Qc7 Rc8 35. Qxc8+ Rxc8 36. Rxc8+ Bxc8 37. Bc7 Qb1#
{White checkmated}
0-1

[Event "ICCopen2017"]
[Site "Internet Chess Club"]
[Date "2017.03.26"]
[Round "2"]
[White "kamalchandran"]
[Black "Incognito"]
[Result "1-0"]
[ICCResult "Black forfeits on time"]
[WhiteElo "1793"]
[BlackElo "1490"]
[Opening "Four knights: Spanish variation"]
[ECO "C48"]
[NIC "KP.03"]
[Time "19:17:07"]
[TimeControl "180+0"]

1. e4 e5 2. Nf3 Nc6 3. Nc3 Nf6 4. Bb5 Bd6 5. d3 h6 6. O-O O-O 7. h3 a6 8.
Ba4 b5 9. Bb3 Bc5 10. Be3 d6 11. Bxc5 dxc5 12. Nd5 Qd6 13. a4 Bb7 14. c3 Na5
15. Nxf6+ Qxf6 16. Bc2 Nc6 17. Qe2 b4 18. Qe3 Qd6 19. Nd2 a5 20. Nc4 Qe7 21.
f4 Ba6 22. Nxe5 Nxe5 23. fxe5 Qxe5 24. Rf5 Qe7 25. Qxc5 Qxc5+ 26. Rxc5 bxc3
27. bxc3 Rfd8 28. d4 Rd7 29. Rxa5 Bb7 30. Rxa8+ Bxa8 31. Rb1 Kh7 32. e5+ g6
33. Rb8 Bd5 34. a5 c5 35. Rc8 cxd4 36. cxd4 Rb7 37. a6 Rb2 38. Bd3 Rxg2+ 39.
Kf1 Ra2 40. Rc7 Kg7 41. a7 Bg2+ 42. Kg1 Bxh3 43. Be4 Ra1+ 44. Kh2 Be6 45.
a8=Q Ra2+ 46. Kg3 Rxa8 47. Bxa8 h5 48. Be4 g5 49. d5 h4+ 50. Kh2 Bg4 51. d6
Kf8 52. d7 Ke7 53. e6 fxe6 54. Ra7 Kd8 55. Bc6 e5 56. Ra8+
{Black forfeits on time}
1-0

[Event "ICCopen2017"]
[Site "Internet Chess Club"]
[Date "2017.03.26"]
[Round "2"]
[White "marabu"]
[Black "Realboy"]
[Result "0-1"]
[ICCResult "White resigns"]
[WhiteElo "2118"]
[BlackElo "3001"]
[Opening "Nimzovich-Larsen attack: English variation"]
[ECO "A01"]
[NIC "VO.08"]
[Time "19:17:56"]
[TimeControl "180+0"]

1. b3 c5 2. Bb2 Nc6 3. e3 e5 4. Bb5 d6 5. Nf3 Nf6 6. O-O e4 7. Ne1 Be7 8. f4
Bg4 9. Be2 h5 10. h3 Bf5 11. Bb5 Qd7 12. Kh2 O-O-O 13. d3 a6 14. d4 axb5 15.
d5 Nb4 16. c4 Nd3 17. Nxd3 exd3 18. Nc3 b4 19. Nb5 Nxd5 20. Na7+ Kb8 21.
cxd5 Kxa7 22. a3 bxa3 23. Rxa3+ Kb8 24. Qa1 Kc7 25. Bc3 Qb5 26. Ba5+ Kd7 27.
Bxd8 Rxd8 28. Ra5 Qb4 29. Ra4 Qb6 30. b4 c4 31. b5 Bf6 32. Qc1 c3 33. e4 Bg6
34. e5 dxe5 35. Qxc3 e4 36. Qe1 Bf5 37. Rxe4 Bxe4 38. Qxe4 Qd4 39. Qf5+ Kd6
40. Rd1 d2 41. Kh1 Re8 42. Qb1 Qxf4 43. Rf1 Qxf1+ 44. Qxf1 Re1 {White
resigns} 0-1

[Event "ICCopen2017"]
[Site "Internet Chess Club"]
[Date "2017.03.26"]
[Round "2"]
[White "EGK"]
[Black "Eliezer"]
[Result "1-0"]
[ICCResult "Black checkmated"]
[WhiteElo "1931"]
[BlackElo "1551"]
[Opening "QGD semi-Slav"]
[ECO "D43"]
[NIC "SL.01"]
[Time "19:17:52"]
[TimeControl "180+0"]

1. d4 d5 2. c4 c6 3. Nf3 e6 4. Nc3 Nf6 5. Bg5 Be7 6. e3 h6 7. Bh4 O-O 8. Rc1
Nbd7 9. Bd3 Nh7 10. Bg3 Nhf6 11. O-O Re8 12. Re1 Nf8 13. Ne5 Bd6 14. Qc2 Qe7
15. c5 Bc7 16. b4 a6 17. a4 Qd8 18. b5 axb5 19. axb5 Bxe5 20. Bxe5 N6d7 21.
Bd6 Nf6 22. Na4 Bd7 23. Nb6 Rc8 24. Nxc8 Bxc8 25. bxc6 bxc6 26. Rb1 Ne4 27.
Bxe4 dxe4 28. Qxe4 Bd7 29. Rb8 Qf6 30. Rxe8 Bxe8 31. Rb1 Qd8 32. Rb8 Qd7 33.
Qd3 f6 34. Qa6 Qf7 35. Qa8 Qh5 36. h3 Qd1+ 37. Kh2 Qg1+ 38. Kxg1 Bf7 39.
Rxf8+ Kh7 40. Rxf7 Kg6 41. Qg8 Kf5 42. Qxg7 Ke4 43. Qg6+ Kd5 44. Qd3 e5 45.
Rxf6 e4 46. Qb3# {Black checkmated} 1-0

[Event "ICCopen2017"]
[Site "Internet Chess Club"]
[Date "2017.03.26"]
[Round "2"]
[White "Cryptochess"]
[Black "Kiketf"]
[Result "0-1"]
[ICCResult "White forfeits on time"]
[WhiteElo "2549"]
[BlackElo "1967"]
[Opening "French: classical, Steinitz variation"]
[ECO "C14"]
[NIC "FR.06"]
[Time "19:17:20"]
[TimeControl "180+0"]

1. e4 e6 2. d4 d5 3. Nc3 Nf6 4. Bg5 Be7 5. e5 Nfd7 6. Bxe7 Qxe7 7. f4 a6 8.
Nf3 c5 9. Qd2 Nc6 10. dxc5 Nxc5 11. O-O-O b5 12. Bd3 b4 13. Ne2 a5 14. Ned4
Nxd4 15. Nxd4 O-O 16. Rde1 Ba6 17. f5 Bxd3 18. cxd3 exf5 19. Nxf5 Qc7 20.
Kb1 Ne6 21. d4 a4 22. Qxb4 Rfb8 23. Qa3 Qc4 24. Rc1 Qe2 25. Rc2 Qe4 26. Qf3
Qxf3 27. gxf3 Rb4 28. Rd1 g6 29. Ne7+ Kg7 30. Nxd5 Rxd4 31. Rxd4 Nxd4 32.
Rc3 Ra5 33. Nb6 a3 34. Nc4 Ra4 35. Nxa3 Ne2 36. Re3 Ng1 37. Nc2 Rf4 38. b4
Nxf3 39. b5 Nd2+ 40. Kc1 Nc4 41. Re1 Rf2 42. a4 Rxh2 43. Nd4 Ra2 44. e6 fxe6
45. Nxe6+ Kf6 46. Nc5 Ra1+ 47. Kc2 Rxe1 48. Kc3 Nb6 49. Kb4 Rb1+ 50. Nb3
Nxa4 51. Kxa4 Re1 52. b6 h5 53. Kb5 Re3 54. Nc5 Re8 55. b7 Ke7 56. Kc6 h4
57. Nd7 h3 58. Nb6 Rb8 59. Nc8+ Kf6 60. Kc7 Rxb7+ 61. Kxb7 h2 62. Kc7 h1=Q
63. Nb6 Qc1+ 64. Kb7 Qb1 65. Kc7 Qxb6+ 66. Kxb6 Ke5 67. Kc6 Ke4 68. Kb7 g5
69. Kb6 g4 70. Kc7 Ke3 71. Kb6 g3 72. Kc7 g2 73. Kb6 g1=Q 74. Kc7 Qg6
{White forfeits on time}
0-1

[Event "ICCopen2017"]
[Site "Internet Chess Club"]
[Date "2017.03.26"]
[Round "2"]
[White "sanka"]
[Black "Brothersinarms"]
[Result "0-1"]
[ICCResult "White forfeits on time"]
[WhiteElo "1318"]
[BlackElo "1855"]
[Opening "QP counter-gambit (elephant gambit)"]
[ECO "C40"]
[NIC "KP.10"]
[Time "19:17:57"]
[TimeControl "180+0"]

1. e4 e5 2. Nf3 d5 3. exd5 e4 4. Nd4 Qxd5 5. c3 Nc6 6. d3 Nxd4 7. cxd4 Qxd4
8. Nc3 Nf6 9. Be2 Bd6 10. O-O Qe5 11. g3 Qf5 12. Nxe4 Nxe4 13. dxe4 Qxe4 14.
Re1 O-O 15. Qd3 Qe6 16. Bf3 Qxe1+ 17. Kg2 Be6 18. Rb1 Be7 19. Bg5 Qxb1 20.
Qxb1 Bxg5 21. Qe4 c6 22. h4 Bf6 23. Qf4 Bxb2 24. Qb4 Bf6 25. Qxb7 Bd5 26.
Bxd5 cxd5 27. Qxd5 Rfd8 28. Qf3 h6 29. a4 Rab8 30. Kh3 Rb2 31. Qe3 Bd4 32.
Qe7 Rf8 33. f4 Rb3 34. Kg2 Rc8 35. Qd7 Rc2+ 36. Kh3 Bf2 37. Qe8+ Kh7 38.
Qe4+ g6 39. Qxc2 Rxg3+ 40. Kh2 Rg4 41. a5 Bxh4 42. Kh3 Rxf4 43. a6 Bf2 44.
Qc7 Bb6 45. Qxf4 Kg7 46. Qe5+ Kf8 47. Qh8+ Ke7 48. Qe5+ Kd7 49. Qf6 Kc7 50.
Qxf7+ Kc6 51. Qb7+ Kb5 52. Qd7+ Ka5 53. Qd5+ Kxa6 54. Qc4+ Ka5
{White forfeits on time}
0-1

[Event "ICCopen2017"]
[Site "Internet Chess Club"]
[Date "2017.03.26"]
[Round "2"]
[White "knightspirit"]
[Black "oli2"]
[Result "1-0"]
[ICCResult "Black forfeits on time"]
[WhiteElo "1252"]
[BlackElo "1685"]
[Opening "Sicilian: Kan, 5.Nc3"]
[ECO "B43"]
[NIC "SI.41"]
[Time "19:17:19"]
[TimeControl "180+0"]

1. e4 c5 2. Nf3 e6 3. d4 cxd4 4. Nxd4 a6 5. Nc3 Nf6 6. Bd3 d6 7. Bg5 Be7 8.
f4 Nc6 9. Nb3 Qb6 10. Qd2 Ng4 11. h3 Bxg5 12. fxg5 Nge5 13. Na4 Qb4 14. Nc3
Bd7 15. a3 Nxd3+ 16. Qxd3 Qb6 17. Na4 Qc7 18. O-O-O Ne5 19. Qxd6 Qxd6 20.
Rxd6 Bxa4 21. Nc5 Bc6 22. Rhd1 O-O 23. h4 Nc4 24. R6d3 Rac8 25. g3 Bb5 26.
Nd7 Bxd7 27. Rxd7 Ne3 28. R1d2 b5 29. c3 a5 30. Kb1 b4 31. cxb4 axb4 32. a4
b3 33. Re2 Nc4 34. Rd1 Ra8 35. Rd4 Rfc8 36. a5 Rxa5 37. Rd3 Rca8 38. Rxb3
Ra1+ 39. Kc2 Ne5 40. Kc3 Rc8+ 41. Kd4 Nc6+ 42. Ke3 Kf8 43. Kf3 Rf1+ 44. Kg4
{Black forfeits on time}
1-0

[Event "ICCopen2017"]
[Site "Internet Chess Club"]
[Date "2017.03.26"]
[Round "2"]
[White "Fighterman"]
[Black "EddieBarber"]
[Result "1-0"]
[ICCResult "Black forfeits on time"]
[WhiteElo "2460"]
[BlackElo "1881"]
[Opening "Sicilian: Najdorf"]
[ECO "B90"]
[NIC "SI.14"]
[Time "19:18:15"]
[TimeControl "180+0"]

1. e4 c5 2. Nf3 d6 3. d4 cxd4 4. Nxd4 Nf6 5. Nc3 a6 6. Nb3 e5 7. Bg5 Be6 8.
Bxf6 Qxf6 9. Nd5 Qd8 10. a4 Nd7 11. Bc4 Nf6 12. Qd3 Bxd5 13. Bxd5 Nxd5 14.
Qxd5 Qc7 15. O-O Be7 16. c4 O-O 17. Nc1 Rac8 18. b3 Rfd8 19. Ne2 Qb6 20. Qd3
Qb4 21. a5 b5 22. axb6 Qxb6 23. Rfb1 a5 24. Nc3 Bf8 25. Nd5 Qc5 26. Ra4 Rd7
27. Rba1 Rb7 28. Rxa5 Qd4 29. Qxd4 exd4 30. Rb5 Rcb8 31. Rxb7 Rxb7 32. b4
Rb8 33. Kf1 Rc8 34. Rc1 {Black forfeits on time} 1-0

[Event "ICCopen2017"]
[Site "Internet Chess Club"]
[Date "2017.03.26"]
[Round "2"]
[White "JJ12"]
[Black "vishweshk"]
[Result "1-0"]
[ICCResult "Black checkmated"]
[WhiteElo "2354"]
[BlackElo "1799"]
[Opening "French: Tarrasch, closed variation"]
[ECO "C05"]
[NIC "FR.16"]
[Time "19:17:25"]
[TimeControl "180+0"]

1. e4 e6 2. d4 d5 3. Nd2 Nf6 4. e5 Nfd7 5. f4 c5 6. Ngf3 Nc6 7. Nb3 c4 8.
Nbd2 Be7 9. Be2 O-O 10. Nf1 f6 11. Ne3 fxe5 12. fxe5 b5 13. O-O a5 14. Bd2
b4 15. Be1 Ba6 16. h4 Qb6 17. c3 b3 18. a3 Ndxe5 19. dxe5 Qxe3+ 20. Bf2 Qh6
21. Bg3 Qg6 22. Qe1 Bc5+ 23. Kh2 Ne7 24. Ng5 h6 25. Nh3 Nf5 26. Nf4 Qe8 27.
Bg4 Nxg3 28. Qxg3 d4 29. Bxe6+ Kh7 30. Bd5 d3 31. Be4+ Kg8 32. Bd5+ Kh7 33.
h5 Qxe5 34. Rae1 Qg5 35. Bxa8 Qxg3+ 36. Kxg3 Bd6 37. Be4+ Kg8 38. Rf3 Bc8
39. Bd5+ Kh7 40. Be6 Bxe6 41. Rxe6 Bb8 42. Re1 a4 43. Kg4 Ba7 44. Ng6 Rc8
45. Rd1 Rd8 46. Rf7 Kg8 47. Rxa7 Re8 48. Re7 Rd8 49. Rde1 Kh7 50. Re8 d2 51.
Rxd8 dxe1=Q 52. Rh8# {Black checkmated} 1-0

[Event "ICCopen2017"]
[Site "Internet Chess Club"]
[Date "2017.03.26"]
[Round "2"]
[White "ShiningArmor"]
[Black "Palse"]
[Result "0-1"]
[ICCResult "White checkmated"]
[WhiteElo "1545"]
[BlackElo "2282"]
[Opening "Sicilian defense"]
[ECO "B20"]
[NIC "SI.48"]
[Time "19:19:46"]
[TimeControl "180+0"]

1. e4 c5 2. d3 Nc6 3. h3 g6 4. Nf3 Bg7 5. Be2 d6 6. c3 e5 7. O-O Nge7 8. Be3
O-O 9. Qd2 Re8 10. Bh6 Bh8 11. Qg5 f6 12. Qh4 Be6 13. Nbd2 d5 14. Nh2 dxe4
15. Nxe4 Nf5 16. Qg4 Nxh6 17. Qf3 Qe7 18. Qe3 Nf5 19. Qd2 Bg7 20. f4 exf4
21. Qxf4 Bh6 22. Qf3 Ne5 23. Qf2 Be3 24. Kh1 Bxf2 25. Rxf2 Bd5 26. Bf3 Nxf3
27. Nxf3 Bxe4 28. dxe4 Ng3+ 29. Kh2 Nxe4 30. Rff1 Qc7+ 31. Kg1 Rad8 32. Nh2
Rd2 33. Ng4 Qg3 34. Kh1 Qxg2# {White checkmated} 0-1

[Event "ICCopen2017"]
[Site "Internet Chess Club"]
[Date "2017.03.26"]
[Round "2"]
[White "see101"]
[Black "BoldPlan"]
[Result "0-1"]
[ICCResult "White forfeits on time"]
[WhiteElo "1381"]
[BlackElo "1814"]
[Opening "Alekhine's defense: four pawns attack, fianchetto variation"]
[ECO "B03"]
[NIC "AL.07"]
[Time "19:17:22"]
[TimeControl "180+0"]

1. e4 Nf6 2. e5 Nd5 3. d4 d6 4. c4 Nb6 5. f4 g6 6. Nf3 Bg7 7. Nc3 O-O 8. Be3
Bf5 9. Bd3 Qd7 10. O-O dxe5 11. Nxe5 Qc8 12. Rc1 Bxd3 13. Qxd3 Rd8 14. Qe4
e6 15. b3 N8d7 16. g4 Nf6 17. Qf3 Rf8 18. f5 exf5 19. gxf5 Nbd7 20. fxg6
fxg6 21. Qh3 Nxe5 22. Qxc8 Raxc8 23. dxe5 Ng4 24. Bd4 Nxe5 25. Bxe5 Bxe5 26.
Nd5 Rxf1+ 27. Rxf1 Rf8 28. Rxf8+ Kxf8 29. Kg2 c6 30. Ne3 Ke7 31. Kf3 Kd6 32.
h3 Kc5 33. Nc2 h5 34. Ke4 Bf6 35. Kd3 a5 36. a3 Kd6 37. b4 Bd8 38. Ke4 Ke6
39. Nd4+ Kf6 40. b5 c5 41. Nb3 b6 42. a4 Kg5 43. Nd2 Kh4 44. Nf3+ Kxh3 45.
Ne5 g5 46. Ng6 g4 47. Nf4+ Kh2 48. Ke3 h4 49. Kf2 g3+ 50. Kf1 h3 51. Nxh3
Kxh3 52. Kg1 g2 53. Kf2 Bc7 54. Kf3 g1=Q 55. Ke4 Qd4+ 56. Kf5 Qxc4 57. Kf6
Qxa4 58. Ke7 Qxb5 59. Ke6 Bg3 60. Kf5 c4+ 61. Ke6 c3 {White forfeits on
time} 0-1